[ PARTIDA AOE2 · #482488085 ]
UnrankedMongoles vs Chinese
Equipo del jugador · DERR
Equipo rival · VICT
[ ANÁLISIS DE REPETICIÓN · EXTRAÍDO DE LA PARTIDA GRABADA ]
Feudal
9:43
Castillos
21:11
Imperial
42:13
| APM promedio | 43.7 |
| APM pico | 76 |
| eAPM promedio | 19.4 |
| Aldeanos / militares | 131 / 250 |
Foco
⚔️ 38.7% · 🌾 61.3%
Skirmisher ×92 · Mangudai ×45 · Knight ×43 · Camel Scout ×39 · Cavalry Archer ×14 · Trebuchet (Packed) ×10
Feudal
9:54
Castillos
21:02
Imperial
40:13
| APM promedio | 24.9 |
| APM pico | 51 |
| eAPM promedio | 14.7 |
| Aldeanos / militares | 115 / 237 |
Foco
⚔️ 32.8% · 🌾 67.2%
Scout Cavalry ×57 · Chu Ko Nu ×52 · Archer ×30 · Skirmisher ×30 · Knight ×28 · Fire Lancer ×23
Mapa de la partida
Recursos iniciales + cada clic de construcción. Líneas = muros · curvas = relieve. ◆ oro · ⬟ piedra · ● bayas · ✦ reliquia · ◌ hueco del cierre
Tu base· ✓ Cerrada en 21:11 · 25t muro · sin puerta
Base de LordPoseidón· Abierta — el rival se encerró
Terreno inicial suavizado · ◌ = hueco del cierre detectado · pasá el cursor para detalles
Inputs por minuto
— YellowPenguin - - LordPoseidón
Build order — YellowPenguin
Primeras 150 de 576 acciones detectadas
| 0:00 | Crear | Villager (Male) |
| 0:01 | Crear | Villager (Male) |
| 0:02 | Construir | House |
| 0:03 | Construir | House |
| 0:36 | Crear | Villager (Male) |
| 0:36 | Crear | Villager (Male) |
| 1:31 | Crear | Villager (Male) |
| 1:51 | Construir | Lumber Camp |
| 2:03 | Crear | Villager (Male) |
| 2:29 | Crear | Villager (Male) |
| 2:58 | Crear | Villager (Male) |
| 3:25 | Crear | Villager (Male) |
| 3:25 | Crear | Villager (Male) |
| 3:29 | Construir | House |
| 3:59 | Crear | Villager (Male) |
| 4:23 | Construir | Mill |
| 4:33 | Crear | Villager (Male) |
| 4:33 | Crear | Villager (Male) |
| 4:34 | Crear | Villager (Male) |
| 5:22 | Crear | Villager (Male) |
| 5:23 | Crear | Villager (Male) |
| 5:23 | Crear | Villager (Male) |
| 5:45 | Crear | Villager (Male) |
| 5:45 | Crear | Villager (Male) |
| 6:46 | Crear | Villager (Male) |
| 6:46 | Crear | Villager (Male) |
| 7:08 | Investigar | Loom |
| 7:09 | Investigar | Feudal Age |
| 7:15 | Construir | House |
| 8:21 | Crear | Villager (Male) |
| 8:21 | Crear | Villager (Male) |
| 8:29 | Construir | Barracks |
| 8:44 | Crear | Villager (Male) |
| 8:44 | Crear | Villager (Male) |
| 9:24 | Construir | House |
| 9:37 | Crear | Villager (Male) |
| 9:37 | Crear | Villager (Male) |
| 9:43 | Edad | Edad Feudal |
| 9:48 | Construir | Stable |
| 9:51 | Crear | Villager (Male) |
| 9:51 | Crear | Villager (Male) |
| 10:04 | Construir | House |
| 10:05 | Construir | House |
| 10:15 | Construir | Lumber Camp |
| 10:20 | Construir | Farm |
| 10:21 | Construir | Farm |
| 10:22 | Construir | Farm |
| 10:22 | Construir | Farm |
| 10:51 | Crear | Scout Cavalry |
| 10:52 | Crear | Scout Cavalry |
| 11:03 | Construir | Farm |
| 11:05 | Construir | Farm |
| 11:06 | Construir | Farm |
| 11:33 | Construir | Mill |
| 11:53 | Crear | Scout Cavalry |
| 12:03 | Construir | House |
| 12:07 | Construir | Palisade Wall |
| 12:42 | Investigar | Double-Bit Axe |
| 13:07 | Construir | Farm |
| 13:07 | Construir | Farm |
| 13:08 | Construir | Farm |
| 13:08 | Construir | Farm |
| 13:31 | Construir | House |
| 13:45 | Crear | Villager (Male) |
| 13:46 | Crear | Villager (Male) |
| 13:46 | Crear | Villager (Male) |
| 13:46 | Crear | Villager (Male) |
| 14:02 | Construir | House |
| 14:05 | Construir | Palisade Wall |
| 14:09 | Crear | Villager (Male) |
| 14:15 | Construir | Farm |
| 14:15 | Construir | Farm |
| 14:15 | Construir | Farm |
| 14:16 | Construir | Farm |
| 14:20 | Investigar | Horse Collar |
| 14:39 | Construir | Mining Camp |
| 14:57 | Crear | Villager (Male) |
| 14:58 | Crear | Villager (Male) |
| 15:00 | Construir | Farm |
| 15:34 | Crear | Villager (Male) |
| 15:34 | Crear | Villager (Male) |
| 15:34 | Crear | Villager (Male) |
| 15:50 | Construir | Farm |
| 15:55 | Construir | House |
| 15:59 | Construir | Palisade Wall |
| 16:08 | Construir | Farm |
| 16:15 | Construir | Farm |
| 16:15 | Construir | Farm |
| 17:03 | Investigar | Gold Mining |
| 17:09 | Construir | Farm |
| 17:24 | Construir | Market |
| 17:55 | Crear | Villager (Male) |
| 18:07 | Construir | House |
| 18:08 | Construir | House |
| 18:31 | Investigar | Castle Age |
| 18:33 | Investigar | Wheelbarrow |
| 18:40 | Construir | Mining Camp |
| 19:35 | Crear | Villager (Male) |
| 19:35 | Crear | Villager (Male) |
| 19:37 | Crear | Villager (Male) |
| 20:30 | Construir | Blacksmith |
| 20:43 | Construir | House |
| 21:11 | Edad | Edad de los Castillos |
| 21:15 | Construir | House |
| 21:23 | Crear | Knight |
| 21:23 | Crear | Knight |
| 21:24 | Crear | Knight |
| 21:30 | Investigar | Scale Barding Armor |
| 21:45 | Construir | House |
| 22:10 | Crear | Villager (Male) |
| 22:11 | Crear | Villager (Male) |
| 22:11 | Crear | Villager (Male) |
| 22:11 | Crear | Villager (Male) |
| 22:11 | Crear | Villager (Male) |
| 22:27 | Construir | Stable |
| 22:50 | Investigar | Husbandry |
| 22:55 | Investigar | Bloodlines |
| 23:03 | Investigar | Forging |
| 23:04 | Investigar | Chain Barding Armor |
| 23:30 | Crear | Villager (Male) |
| 23:31 | Crear | Villager (Male) |
| 23:31 | Crear | Villager (Male) |
| 23:31 | Crear | Villager (Male) |
| 23:43 | Construir | Town Center |
| 23:49 | Crear | Knight |
| 23:49 | Crear | Knight |
| 23:50 | Crear | Knight |
| 23:50 | Crear | Knight |
| 24:37 | Construir | Monastery |
| 24:40 | Investigar | Heavy Plow |
| 25:04 | Crear | Villager (Male) |
| 25:04 | Crear | Villager (Male) |
| 25:18 | Crear | Knight |
| 25:18 | Crear | Knight |
| 25:19 | Crear | Knight |
| 25:28 | Construir | Farm |
| 25:29 | Crear | Villager (Male) |
| 25:29 | Crear | Villager (Male) |
| 25:30 | Crear | Villager (Male) |
| 25:31 | Crear | Villager (Male) |
| 25:31 | Crear | Villager (Male) |
| 26:04 | Construir | Farm |
| 26:14 | Investigar | Bow Saw |
| 26:33 | Crear | Villager (Male) |
| 26:33 | Crear | Villager (Male) |
| 26:33 | Crear | Villager (Male) |
| 27:07 | Construir | Archery Range |
| 27:09 | Construir | Archery Range |
| 27:24 | Crear | Monk |
| 27:25 | Crear | Monk |
Build order — LordPoseidón
Primeras 150 de 372 acciones detectadas
| 0:04 | Investigar | Loom |
| 0:13 | Construir | Mill |
| 1:25 | Crear | Villager (Male) |
| 1:58 | Crear | Villager (Male) |
| 2:17 | Crear | Villager (Male) |
| 2:53 | Crear | Villager (Male) |
| 3:13 | Crear | Villager (Male) |
| 3:39 | Construir | House |
| 3:42 | Crear | Villager (Male) |
| 3:50 | Construir | House |
| 4:06 | Crear | Villager (Male) |
| 4:32 | Crear | Villager (Male) |
| 5:06 | Crear | Villager (Male) |
| 5:30 | Crear | Villager (Male) |
| 5:51 | Construir | Lumber Camp |
| 5:53 | Crear | Villager (Male) |
| 6:15 | Crear | Villager (Male) |
| 6:34 | Crear | Villager (Male) |
| 6:56 | Crear | Villager (Male) |
| 7:44 | Investigar | Feudal Age |
| 7:50 | Construir | Lumber Camp |
| 8:07 | Construir | Palisade Gate |
| 8:12 | Construir | Palisade Wall |
| 8:48 | Construir | Palisade Wall |
| 9:01 | Construir | Barracks |
| 9:21 | Construir | Farm |
| 9:26 | Construir | Farm |
| 9:39 | Construir | House |
| 9:51 | Construir | Farm |
| 9:54 | Edad | Edad Feudal |
| 9:59 | Crear | Villager (Male) |
| 10:21 | Crear | Spearman |
| 10:34 | Crear | Villager (Male) |
| 11:02 | Crear | Villager (Male) |
| 11:04 | Construir | Farm |
| 11:09 | Construir | Stable |
| 11:14 | Crear | Villager (Male) |
| 11:19 | Crear | Spearman |
| 11:28 | Construir | Palisade Wall |
| 11:37 | Crear | Villager (Male) |
| 11:42 | Construir | Farm |
| 12:00 | Construir | House |
| 12:06 | Crear | Spearman |
| 12:28 | Construir | Farm |
| 12:29 | Crear | Villager (Male) |
| 12:31 | Construir | Farm |
| 12:39 | Construir | House |
| 13:00 | Construir | Farm |
| 13:00 | Crear | Villager (Male) |
| 13:03 | Construir | Farm |
| 13:07 | Construir | Palisade Gate |
| 13:20 | Construir | Farm |
| 13:25 | Construir | Palisade Gate |
| 13:28 | Crear | Villager (Male) |
| 13:34 | Crear | Spearman |
| 13:43 | Construir | Farm |
| 14:01 | Crear | Villager (Male) |
| 14:05 | Construir | Farm |
| 14:09 | Construir | Farm |
| 14:30 | Crear | Villager (Male) |
| 14:33 | Construir | Mining Camp |
| 14:46 | Crear | Villager (Male) |
| 15:00 | Crear | Spearman |
| 15:24 | Crear | Villager (Male) |
| 15:45 | Construir | Palisade Wall |
| 15:48 | Crear | Villager (Male) |
| 15:55 | Crear | Scout Cavalry |
| 16:06 | Crear | Villager (Male) |
| 16:22 | Construir | House |
| 16:47 | Construir | Market |
| 16:54 | Crear | Villager (Male) |
| 17:09 | Construir | Blacksmith |
| 17:31 | Construir | Farm |
| 18:22 | Investigar | Castle Age |
| 18:46 | Investigar | Double-Bit Axe |
| 18:56 | Construir | Stable |
| 18:59 | Investigar | Gold Mining |
| 19:18 | Investigar | Arson |
| 19:36 | Investigar | Forging |
| 19:57 | Construir | Stable |
| 20:02 | Investigar | Horse Collar |
| 20:19 | Construir | Farm |
| 20:23 | Investigar | Bloodlines |
| 20:59 | Investigar | Scale Barding Armor |
| 21:02 | Edad | Edad de los Castillos |
| 21:05 | Crear | Knight |
| 21:13 | Crear | Villager (Male) |
| 21:34 | Investigar | Husbandry |
| 21:37 | Crear | Villager (Male) |
| 22:02 | Construir | House |
| 22:05 | Investigar | Heavy Plow |
| 22:18 | Crear | Knight |
| 22:24 | Construir | House |
| 22:44 | Crear | Villager (Male) |
| 22:46 | Crear | Knight |
| 22:53 | Crear | Knight |
| 23:19 | Construir | House |
| 23:22 | Crear | Knight |
| 23:25 | Crear | Villager (Male) |
| 23:28 | Investigar | Bow Saw |
| 23:45 | Crear | Knight |
| 23:57 | Construir | House |
| 24:03 | Crear | Fire Lancer |
| 24:07 | Crear | Villager (Male) |
| 24:10 | Crear | Knight |
| 24:31 | Crear | Fire Lancer |
| 24:33 | Crear | Knight |
| 24:34 | Crear | Knight |
| 24:38 | Crear | Fire Lancer |
| 24:43 | Construir | House |
| 24:59 | Crear | Fire Lancer |
| 25:06 | Crear | Villager (Male) |
| 25:24 | Construir | House |
| 25:26 | Investigar | Iron Casting |
| 25:32 | Crear | Villager (Male) |
| 25:37 | Construir | Town Center |
| 25:48 | Crear | Villager (Male) |
| 26:00 | Crear | Scout Cavalry |
| 26:03 | Crear | Knight |
| 26:09 | Construir | Farm |
| 26:15 | Crear | Knight |
| 26:41 | Crear | Fire Lancer |
| 26:43 | Crear | Knight |
| 26:53 | Construir | Palisade Gate |
| 27:06 | Crear | Villager (Male) |
| 27:15 | Crear | Villager (Male) |
| 27:25 | Crear | Villager (Male) |
| 27:36 | Crear | Villager (Male) |
| 27:38 | Crear | Villager (Male) |
| 27:55 | Crear | Villager (Male) |
| 28:15 | Investigar | Wheelbarrow |
| 28:33 | Crear | Villager (Male) |
| 28:40 | Construir | Monastery |
| 28:49 | Investigar | Squires |
| 28:58 | Crear | Villager (Male) |
| 29:03 | Construir | House |
| 29:05 | Construir | House |
| 29:14 | Crear | Monk |
| 29:20 | Crear | Villager (Male) |
| 29:22 | Crear | Villager (Male) |
| 29:34 | Construir | Town Center |
| 29:38 | Crear | Monk |
| 29:44 | Crear | Fire Lancer |
| 29:48 | Construir | Barracks |
| 29:52 | Investigar | Scale Mail Armor |
| 29:56 | Crear | Villager (Male) |
| 30:02 | Construir | Farm |
| 30:02 | Construir | Farm |
| 30:02 | Construir | Farm |
| 30:18 | Construir | House |
Cronología de la partida
| 8:12 | LordPoseidón · wall_segment Palisade Wall x5 |
| 8:29 | YellowPenguin · first_building Barracks |
| 8:48 | LordPoseidón · wall_segment Palisade Wall x6 |
| 9:01 | LordPoseidón · first_building Barracks |
| 9:43 | YellowPenguin · age_up feudal |
| 9:48 | YellowPenguin · first_building Stable |
| 9:54 | LordPoseidón · age_up feudal |
| 11:09 | LordPoseidón · first_building Stable |
| 11:28 | LordPoseidón · wall_segment Palisade Wall x20 |
| 12:07 | YellowPenguin · wall_segment Palisade Wall x9 |
| 14:05 | YellowPenguin · wall_segment Palisade Wall x8 |
| 15:45 | LordPoseidón · wall_segment Palisade Wall x8 |
| 15:59 | YellowPenguin · wall_segment Palisade Wall x8 |
| 18:29 | YellowPenguin · first_market_sell 100 wood |
| 21:02 | LordPoseidón · age_up castle |
| 21:11 | YellowPenguin · age_up castle |
| 24:37 | YellowPenguin · first_building Monastery |
| 26:07 | LordPoseidón · first_market_buy 100 wood |
| 27:07 | YellowPenguin · first_building Archery Range |
| 28:40 | LordPoseidón · first_building Monastery |
| 32:17 | YellowPenguin · first_building Castle |
| 37:21 | LordPoseidón · first_building Siege Workshop |
| 37:43 | LordPoseidón · first_building Castle |
| 39:10 | LordPoseidón · first_building Archery Range |
| 40:13 | LordPoseidón · age_up imperial |
| 42:13 | YellowPenguin · age_up imperial |
| 45:35 | LordPoseidón · first_market_sell 100 food |
| 59:36 | YellowPenguin · resign |
[ ANÁLISIS IA · 1 CRÉDITO ]
¿Qué pasó realmente en esta partida?
Wolo.gg analiza cada decisión: build order, eco, micro, errores típicos por bracket. Análisis personalizado por WhatsApp o Discord en 30 segundos.
Guía civ
Mongoles
Perfil
Jugador #20148285